 Dungeon Crawl Stone Soup version 0.26.1-11-gd32895ea62 (webtiles) character file.

Game seed: 9656883801295126977

10563 Almogavar the Protected (level 11, 0/67 HPs)
             Began as a Gnoll Wanderer on Apr 20, 2021.
             Was a High Priest of Okawaru.
             Collided with a rock wall (5 damage)
             ... caused by a wretched star
             ... on level 1 of the Abyss.
             The game lasted 00:40:39 (10523 turns).

Almogavar the Protected (Gnoll Wanderer)           Turns: 10523, Time: 00:40:40

Health: 0/67       AC: 24    Str: 11 (12) XL:     11   Next: 64%
Magic:  20/20      EV:  6    Int: 13 (14) God:    Okawaru [*****.]
Gold:   795        SH:  0    Dex: 18      Spells: 23/23 levels left

rFire    . . .     SeeInvis .   N - +9 staff of Olgreb {rPois∞}
rCold    + . .     Faith    .   (no shield)
rNeg     . . .     Spirit   .   w - +9 plate armour "Plog" {Will- Regen+ Str+3}
rPois    ∞         Reflect  .   G - +0 helmet
rElec    .         Harm     .   o - +1 cloak
rCorr    .         Rampage  .   (no gloves)
Will     .....     Rnd*Rage +   P - +0 pair of boots Stlth ..........Rnd*Tele +
                                n - amulet of the acrobat
HPRegen  0.00/turn              u - ring of protection from cold
MPRegen  0.17/turn              O - +6 ring of dexterity

@: no status effects
A: distributed training, fangs 1, [berserk 3], [blurry vision 3], [clumsy 2],
[deformed body], [deterioration 2], [dopey 2], [frail 2], [inhibited
regeneration], [teleportitis 2], [weak 2], [no potion heal 3], strong nose
a: Renounce Religion, Heroism, Finesse


You were on level 1 of the Abyss.
You worshipped Okawaru.
Okawaru was extremely pleased with you.
You visited 3 branches of the dungeon, and saw 13 of its levels.
You visited the Abyss 1 time.
You also visited: Ossuary.

You collected 915 gold pieces.
You spent 120 gold pieces at shops.

Inventory:

Hand Weapons
 a - a +0 hand crossbow
 v - a +2 spear of venom
 K - a +1 vorpal hunting sling
 N - the +9 staff of Olgreb (weapon) {rPois∞}
   (You found it on level 7 of the Dungeon)

   It grants immunity to poison.
 R - the +11 mace of the Spheres {flame, Str+5}
   (You found it on level 10 of the Dungeon)

   It has been specially enchanted to burn those struck by it, causing extra
   injury to most foes and up to half again as much damage against particularly
   susceptible opponents.
   It affects your strength (+5).
Missiles
 c - 71 bolts
 e - 16 boomerangs (quivered)
 l - 294 stones
 q - 7 javelins
 B - 17 poisoned darts
 C - 34 sling bullets
 E - 130 arrows
Armour
 i - a scarf of harm
 m - a +2 plate armour of willpower
 o - a +1 cloak (worn)
 w - the +9 plate armour "Plog" (worn) {Will- Regen+ Str+3}
   (You found it on level 4 of the Dungeon)

   It affects your strength (+3).
   It affects your willpower, your defense against some magical effects.
   It increases your rate of regeneration.
 G - a +0 helmet (worn)
 P - a +0 pair of boots (worn)
Jewellery
 n - an amulet of the acrobat (around neck)
 u - a ring of protection from cold (left hand)
 L - an uncursed ring of flight
 O - a +6 ring of dexterity (right hand)
Wands
 b - a wand of flame (50)
 J - a wand of paralysis (7)
 M - a wand of polymorph (8)
Scrolls
 d - 11 scrolls of teleportation
 j - 4 scrolls of fog
 r - 2 scrolls of enchant weapon
 s - 6 scrolls of remove curse
 x - a scroll of fear
 y - 2 scrolls of blinking
 F - 2 scrolls of enchant armour
Potions
 g - a potion of heal wounds {unknown}
 h - a potion of berserk rage
 k - 2 potions of resistance {unknown}
 p - a potion of flight {unknown}
 z - 2 potions of curing
 D - 2 potions of invisibility
 H - 2 potions of haste {unknown}
 I - a potion of mutation {unknown}


   Skills:
 + Level 7.0 Fighting
 + Level 6.5 Short Blades
 + Level 6.5 Long Blades
 + Level 6.5 Axes
 + Level 6.5 Maces & Flails
 + Level 6.5 Polearms
 + Level 6.5 Staves
 + Level 6.5 Slings
 + Level 7.0 Bows
 + Level 8.0 Crossbows
 + Level 7.0 Throwing
 + Level 10.6 Armour
 + Level 6.5 Dodging
 + Level 6.5 Stealth
 + Level 6.5 Shields
 + Level 6.5 Unarmed Combat
 + Level 6.5 Spellcasting
 + Level 5.3 Conjurations
 + Level 5.3 Hexes
 + Level 5.3 Summonings
 + Level 5.3 Necromancy
 + Level 5.3 Translocations
 + Level 5.3 Transmutations
 + Level 5.3 Fire Magic
 + Level 5.3 Ice Magic
 + Level 5.3 Air Magic
 + Level 5.3 Earth Magic
 + Level 5.3 Poison Magic
 + Level 7.1 Invocations
 + Level 7.0 Evocations


You had 23 spell levels left.
You didn't know any spells.
Your spell library contained the following spells:

 Spells                   Type           Power        Failure   Level
 Corona                   Hex            20%          86%         1
 Sting                    Tmut/Pois      100%         86%         1
 Poisonous Vapours        Pois/Air       54%          95%         2
 Slow                     Hex            18%          95%         2
 Ignite Poison            Fire/Tmut/Pois 27%          99%         3
 Inner Flame              Hex/Fire       18%          99%         3
 Mephitic Cloud           Conj/Pois/Air  27%          99%         3
 Portal Projectile        Hex/Tloc       36%          99%         3
 Cause Fear               Hex            9%           100%        4
 Leda's Liquefaction      Hex/Erth       9%           100%        4
 Olgreb's Toxic Radiance  Pois           27%          100%        4


Dungeon Overview and Level Annotations

Branches:
Dungeon (10/15)            Temple (1/1) D:6            Lair (0/6) D:8
    Orc (2/2) D:9             Elf (0/3) Orc:2       Ossuary (visited)

Altars:
Ashenzari
Cheibriados
Dithmenos
Elyvilon
Fedhas
Gozag
Hepliaklqana
Kikubaaqudgha
Makhleb
Nemelex Xobeh
Okawaru
Qazlal
Ru
Sif Muna
Uskayaw
Vehumet
Wu Jian
Yredelemnul
Zin
The Shining One
Beogh

Shops:
D:4 ?

Annotations:
D:7 1 runed translucent door
D:10 3 runed translucent doors, Richi's ghost, novice PaFi


Innate Abilities, Weirdness & Mutations

Your experience applies equally to all skills.
You have very sharp teeth.
Your uncanny sense of smell can sniff out nearby items.
[You have an uncontrollable temper.]
[Scrolls take you much longer to read.]
[You are very clumsy. (Dex -4)]
[Armour fits poorly on your strangely shaped body.]
[Your body often deteriorates upon taking damage.]
[You are very dopey. (Int -4)]
[You are very frail. (-20% HP)]
[You do not regenerate when monsters are visible.]
[You are sometimes teleported next to monsters.]
[You are very weak. (Str -4)]
[Potions cannot restore your health.]


Message History

* * * LOW HITPOINT WARNING * * *
You are knocked back by the lance of force.
You slam into the rock wall!
* * * LOW HITPOINT WARNING * * *
Your body deteriorates!
You feel weakened.
A wretched star is nearby!
The wretched star glows turbulently.
The lance of force misses you.
You barely miss the wretched star.
The wretched star is lightly damaged.
The wretched star pulses with an eldritch light!
Your vision blurs.
You closely miss the wretched star.
The wretched star is lightly damaged.
The wretched star glows turbulently.
The lance of force hits you.
* * * LOW HITPOINT WARNING * * *
You are knocked back by the lance of force.
You slam into the rock wall!
You die...

#..........#. #.
#..........#..# .
#. .# .!..#. . #
..#####..........#
#.### ## #.....#
.... #..####?
#....##..#.
##..##.. #...#
.#.#.
#....###..#..#.v.#
###
#@*.#.........#
#.#.$..... .v## .
∆ ##..####.. . . #
... ∆##.##....v
...#.# . # #... .#
#. ### #.. ## . ##


You could see a wretched star.

Vanquished Creatures
  Harold (D:7)
  A two-headed ogre (D:8)
  An orc high priest (Orc:1)
  A flayed ghost (D:10)
  An unseen horror (D:10)
  An orc sorcerer (Orc:2)
  A troll (Orc:2)
  A hornet (D:9)
  Grinder (D:4)
  A ynoxinul (Abyss:1)
  Eustachio (D:4)
  5 soldier ants (D:7)
  5 water moccasins
  A black bear (D:6)
  2 phantoms
  3 ice beasts
  3 ogres
  7 orc warriors
  4 sky beasts
  2 centaurs (D:9)
  2 big kobolds
  4 elf zombies (Ossuary)
  3 bullfrogs
  A wyvern zombie (D:7)
  3 scorpions
  9 killer bees (D:7)
  4 wights (D:6)
  2 vampire bats (D:4)
  2 howler monkeys
  2 bullfrog zombies
  A jelly (D:10)
  2 quasits
  3 centaur zombies (Ossuary)
  5 human zombies (Ossuary)
  2 hounds
  A centaur skeleton (D:6)
  2 orc priests
  12 orc wizards
  Terence (D:3)
  2 iguanas (D:9)
  13 worker ants
  A hound skeleton (D:10)
  4 mummies
  2 howler monkey skeletons (D:4)
  14 adders
  2 shadow imps
  A white imp (D:6)
  An ufetubus (D:6)
  An ooze (D:4)
  2 adder zombies
  An adder skeleton (D:4)
  3 worms
  2 dart slugs (D:2)
  6 leopard geckos
  37 orcs
  6 bat skeletons (D:4)
  9 giant cockroaches
  5 goblins
  10 hobgoblins
  25 jackals
  10 quokkas
  A ball python (D:4)
  5 bats
  3 frilled lizards
  17 kobolds
  2 leopard gecko skeletons
  4 rats
293 creatures vanquished.

Vanquished Creatures (collateral kills)
  An orc (Orc:2)
1 creature vanquished.

Vanquished Creatures (others)
  A plant (D:5)
1 creature vanquished.

Grand Total: 295 creatures vanquished

Notes
Turn   | Place    | Note
-------+----------+-------------------------------------------
     0 | D:1      | Almogavar the Gnoll Wanderer began the quest for the Orb.
     0 | D:1      | Almogavar set off with the following items: a +0 hand
                  | crossbow, a wand of flame (15), 22 bolts, a scroll of
                  | teleportation, a +0 robe
     0 | D:1      | Reached XP level 1. HP: 17/17 MP: 1/1
   263 | D:1      | Reached XP level 2. HP: 19/23 MP: 2/2
   674 | D:1      | Reached XP level 3. HP: 28/28 MP: 3/3
  1029 | D:2      | Reached skill level 1 in Invocations
  1275 | D:2      | Found a sacrificial altar of Ru.
  1285 | D:2      | Reached skill level 1 in Short Blades
  1285 | D:2      | Reached skill level 1 in Long Blades
  1285 | D:2      | Reached skill level 1 in Axes
  1285 | D:2      | Reached skill level 1 in Maces & Flails
  1285 | D:2      | Reached skill level 1 in Polearms
  1285 | D:2      | Reached skill level 1 in Staves
  1285 | D:2      | Reached skill level 1 in Slings
  1285 | D:2      | Reached skill level 1 in Dodging
  1285 | D:2      | Reached skill level 1 in Stealth
  1285 | D:2      | Reached skill level 1 in Shields
  1285 | D:2      | Reached skill level 1 in Unarmed Combat
  1285 | D:2      | Reached skill level 1 in Spellcasting
  1500 | D:2      | Reached XP level 4. HP: 34/34 MP: 1/5
  1895 | D:3      | Reached skill level 1 in Conjurations
  1895 | D:3      | Reached skill level 1 in Hexes
  1895 | D:3      | Reached skill level 1 in Summonings
  1895 | D:3      | Reached skill level 1 in Necromancy
  1895 | D:3      | Reached skill level 1 in Translocations
  1895 | D:3      | Reached skill level 1 in Transmutations
  1895 | D:3      | Reached skill level 1 in Fire Magic
  1895 | D:3      | Reached skill level 1 in Ice Magic
  1895 | D:3      | Reached skill level 1 in Air Magic
  1895 | D:3      | Reached skill level 1 in Earth Magic
  1895 | D:3      | Reached skill level 1 in Poison Magic
  1947 | D:3      | Reached XP level 5. HP: 18/40 MP: 6/6
  2559 | D:3      | Noticed Terence
  2578 | D:3      | Killed Terence
  3030 | D:4      | Got a translucent plate armour
  3062 | D:4      | Identified the +9 plate armour "Plog" {Will- Regen+ Str+3}
                  | (You found it on level 4 of the Dungeon)
  3142 | D:4      | Found Recluewno's Magic Scroll Shop.
  3150 | D:4      | Bought a scroll of fear for 38 gold pieces
  3150 | D:4      | Bought a scroll of blinking for 82 gold pieces
  3256 | D:4      | Reached XP level 6. HP: 47/47 MP: 8/8
  3271 | D:4      | Found a white marble altar of Elyvilon.
  3513 | D:4      | Reached skill level 5 in Crossbows
  3671 | D:4      | Noticed Grinder
  3671 | D:4      | Noticed Eustachio
  3678 | D:4      | Killed Grinder
  3679 | D:4      | Reached XP level 7. HP: 52/52 MP: 10/10
  3685 | D:4      | Killed Eustachio
  3712 | D:4      | Found an ancient bone altar of Kikubaaqudgha.
  3716 | D:4      | Reached skill level 9 in Armour
  3892 | D:5      | Entered Level 5 of the Dungeon
  3975 | D:5      | Found a sacrificial altar of Ru.
  4089 | D:5      | Found a glowing silver altar of Zin.
  4104 | D:5      | Found an ornate altar of the Wu Jian Council.
  4105 | D:5      | Found a shimmering blue altar of Sif Muna.
  4127 | D:5      | Found a stormy altar of Qazlal.
  4204 | D:5      | Reached XP level 8. HP: 60/60 MP: 12/12
  4913 | D:6      | Found a sand-covered staircase.
  4931 | Ossuary  | Entered an ossuary
  5197 | Ossuary  | Reached XP level 9. HP: 66/66 MP: 14/14
  5630 | D:6      | Reached skill level 5 in Fighting
  5630 | D:6      | Reached skill level 5 in Bows
  5630 | D:6      | Reached skill level 5 in Throwing
  5630 | D:6      | Reached skill level 5 in Evocations
  5632 | D:6      | Found a hide-covered altar of Uskayaw.
  5714 | D:6      | Found a staircase to the Ecumenical Temple.
  5862 | Temple   | Entered the Ecumenical Temple
  5901 | Temple   | Became a worshipper of Warmaster Okawaru
  6181 | D:7      | Found a hazy altar of Hepliaklqana.
  6238 | D:7      | Found a runed translucent door.
  6239 | D:7      | Found a runed translucent gate.
  6239 | D:7      | Found a runed translucent gate.
  6258 | D:7      | Noticed Harold
  6372 | D:7      | Found a runed translucent door.
  6379 | D:7      | Found a runed translucent gate.
  6510 | D:7      | Found the +9 staff of Olgreb {rPois∞}
  6859 | D:7      | Reached * piety under Okawaru
  6860 | D:7      | Reached skill level 5 in Invocations
  7114 | D:7      | Killed Harold
  7114 | D:7      | Reached ** piety under Okawaru
  7115 | D:7      | Reached XP level 10. HP: 60/76 MP: 15/17
  7244 | D:7      | Reached skill level 5 in Short Blades
  7244 | D:7      | Reached skill level 5 in Long Blades
  7244 | D:7      | Reached skill level 5 in Axes
  7244 | D:7      | Reached skill level 5 in Maces & Flails
  7244 | D:7      | Reached skill level 5 in Polearms
  7244 | D:7      | Reached skill level 5 in Staves
  7244 | D:7      | Reached skill level 5 in Slings
  7244 | D:7      | Reached skill level 5 in Dodging
  7244 | D:7      | Reached skill level 5 in Stealth
  7244 | D:7      | Reached skill level 5 in Shields
  7244 | D:7      | Reached skill level 5 in Unarmed Combat
  7244 | D:7      | Reached skill level 5 in Spellcasting
  7314 | D:7      | Reached skill level 10 in Armour
  7329 | D:7      | Reached *** piety under Okawaru
  7784 | D:8      | Found a staircase to the Lair.
  7810 | D:8      | Found a basalt altar of Yredelemnul.
  7945 | D:8      | Noticed a two-headed ogre
  7957 | D:8      | Killed a two-headed ogre
  7957 | D:8      | Received a gift from Okawaru
  8734 | D:9      | Reached **** piety under Okawaru
  8802 | D:9      | Reached XP level 11. HP: 83/83 MP: 15/19
  8812 | D:9      | Received a gift from Okawaru
  8951 | D:9      | Found a staircase to the Orcish Mines.
  9244 | D:10     | Entered Level 10 of the Dungeon
  9398 | D:10     | Found a runed translucent gate.
  9398 | D:10     | Found a runed translucent gate.
  9398 | D:10     | Found a runed translucent gate.
  9399 | D:10     | Noticed Richi's ghost (novice PaFi)
  9403 | D:10     | Found a roughly hewn altar of Beogh.
  9545 | D:10     | Got a crude mace
  9583 | D:10     | Reached skill level 5 in Conjurations
  9583 | D:10     | Reached skill level 5 in Hexes
  9583 | D:10     | Reached skill level 5 in Summonings
  9583 | D:10     | Reached skill level 5 in Necromancy
  9583 | D:10     | Reached skill level 5 in Translocations
  9583 | D:10     | Reached skill level 5 in Transmutations
  9583 | D:10     | Reached skill level 5 in Fire Magic
  9583 | D:10     | Reached skill level 5 in Ice Magic
  9583 | D:10     | Reached skill level 5 in Air Magic
  9583 | D:10     | Reached skill level 5 in Earth Magic
  9583 | D:10     | Reached skill level 5 in Poison Magic
  9829 | D:10     | Found a runed translucent door.
 10027 | D:10     | Noticed a flayed ghost
 10050 | D:10     | Killed a flayed ghost
 10082 | D:10     | Killed an unseen horror
 10171 | D:9      | Identified the +11 mace of the Spheres {flame, Str+5} (You
                  | found it on level 10 of the Dungeon)
 10210 | Orc:1    | Entered Level 1 of the Orcish Mines
 10210 | Orc:1    | Noticed an orc high priest
 10225 | Orc:1    | Killed an orc high priest
 10275 | Orc:2    | Entered Level 2 of the Orcish Mines
 10391 | Orc:2    | Noticed an orc sorcerer
 10392 | Orc:2    | Noticed an orc knight
 10407 | Orc:2    | Killed an orc sorcerer
 10407 | Orc:2    | Reached ***** piety under Okawaru
 10414 | Orc:2    | Cast into level 1 of the Abyss (orc priest)
 10449 | Abyss:1  | Noticed a wretched star
 10523 | Abyss:1  | Collided with a rock wall

Illustrated notes

Levels and vault maps discovered:
D:1:      minmay_arrival_arboretum_small, layout_rooms
D:2:      layout_loops_ring, nicolae_ru_great_annihilating_truth
D:3:      layout_basic, uniq_terence
D:4:      minmay_razor_zed, layout_rooms, kennysheep_vampire_church,
          nicolae_overflow_hidden_temple, serial_shops, shop, elyvilon_altar_5,
          uniq_grinder, uniq_eustachio
D:5:      layout_basic, general_overflow_altar,
          gammafunk_temple_overflow_forgotten, nicolae_qazlal_general_emergency
D:6:      layout_gridville, eat_drink_and_be_merry_uskayaw,
          minmay_temple_entry_wispy, gup_ossuary_entry_pyramid,
          hangedman_decor_peaks_small
D:7:      layout_basic, basic_altar, minmay_guarded_unrand_staff_of_olgreb,
          uniq_harold
D:8:      layout_loops_ring, old_standard_altar, lair_entry_dummy
D:9:      layout_long_grid, hiddenorc1_lemuel
D:10:     layout_roguey, biasface_ghost_orc_armoury, wad_hexagon
Temple:   cyrus_circular_temple
Orc:1:    nicolae_orc_accident_1, layout_diamond_mine, nicolae_orc_lava_room
Orc:2:    st_orc_mages, layout_caves, serial_shops, nicolae_shop_crystal,
          gauntlet_entry_generic
Abyss:1:  base:
Lair:1

Skill      XL: |  1  2  3  4  5  6  7  8  9 10 11 |
---------------+----------------------------------+-----
Invocations    | 1 2 3 4 5 6 7 |  7.1
Short Blades   | 1 2 3 4 5 6 |  6.5
Long Blades    | 1 2 3 4 5 6 |  6.5
Axes           | 1 2 3 4 5 6 |  6.5
Maces & Flails | 1 2 3 4 5 6 |  6.5
Polearms       | 1 2 3 4 5 6 |  6.5
Staves         | 1 2 3 4 5 6 |  6.5
Slings         | 1 2 3 4 5 6 |  6.5
Dodging        | 1 2 3 4 5 6 |  6.5
Stealth        | 1 2 3 4 5 6 |  6.5
Shields        | 1 2 3 4 5 6 |  6.5
Unarmed Combat | 1 2 3 4 5 6 |  6.5
Spellcasting   | 1 2 3 4 5 6 |  6.5
Conjurations   | 1 2 3 4 5 |  5.3
Hexes          | 1 2 3 4 5 |  5.3
Summonings     | 1 2 3 4 5 |  5.3
Necromancy     | 1 2 3 4 5 |  5.3
Translocations | 1 2 3 4 5 |  5.3
Transmutations | 1 2 3 4 5 |  5.3
Fire Magic     | 1 2 3 4 5 |  5.3
Ice Magic      | 1 2 3 4 5 |  5.3
Air Magic      | 1 2 3 4 5 |  5.3
Earth Magic    | 1 2 3 4 5 |  5.3
Poison Magic   | 1 2 3 4 5 |  5.3
Fighting       | 3 4 5 6 7 |  7.0
Bows           | 3 4 5 6 7 |  7.0
Throwing       | 3 4 5 6 7 |  7.0
Evocations     | 3 4 5 6 7 |  7.0
Crossbows      | 5 6 7 8 |  8.0
Armour         | 9 10 | 10.6

Action                   |  1- 3 |  4- 6 |  7- 9 | 10-12 || total
-------------------------+-------+-------+-------+-------++-------
Melee: Dagger            |    14 |       |       |       ||    14
       Bite              |     2 |    19 |    80 |    53 ||   154
       Whip              |       |   147 |   589 |   213 ||   949
       Punch             |       |     2 |    11 |    21 ||    34
       Staff             |       |       |       |   239 ||   239
 Fire: Hand crossbow     |   102 |    54 |    40 |     4 ||   200
       Hunting sling     |       |       |    31 |       ||    31
Throw: Boomerang         |       |       |    15 |    30 ||    45
Invok: Heroism           |       |       |     1 |     7 ||     8
Evoke: Wand              |     3 |       |       |       ||     3
       Staff of Olgreb   |       |       |       |     7 ||     7
  Use: Scroll            |       |     4 |     8 |     5 ||    17
       Potion            |       |     1 |       |     2 ||     3
Armor: Robe              |     6 |       |       |       ||     6
       Scale mail        |    19 |    39 |       |       ||    58
       Plate armour      |       |   104 |   542 |   302 ||   948
Dodge: Dodged            |    32 |    49 |   252 |   199 ||   532
